 Dungeon Crawl Stone Soup version 0.30-a0-166-g5d06c95188 (webtiles) character file.

Game seed: 7974042151091448574

252 qw the Chopper (level 6, -4/38 HPs)
             Began as a Gargoyle Fighter on Sept 29, 2022.
             Slain by an orange demon (11 damage)
             ... on level 2 of the Abyss.
             The game lasted 00:01:11 (3387 turns).

qw the Chopper (Gargoyle Fighter)                   Turns: 3387, Time: 00:01:11

Health: -4/38      AC: 18    Str: 22    XL:     6   Next: 14%
Magic:  6/6        EV:  7    Int:  8    God:
Gold:   186        SH:  4    Dex:  9    Spells: 5/5 levels left

rFire   . . .      SeeInvis .    Y - +1 war axe
rCold   . . .      Faith    .    c - +0 buckler
rNeg    + . .      Spirit   .    p - +0 chain mail
rPois   inf        Reflect  .    (no helmet)
rElec   +          Harm     .    (no cloak)
rCorr   .          Rampage  .    n - +0 pair of gloves
Will    .....                    (no boots)
Stlth   ..........               (no amulet)
HPRegen 0.12/turn                l - +4 ring of protection
MPRegen 0.10/turn                (no ring)

@: about to teleport, weakened
A: sickness immunity, AC +4, negative energy resistance 1, electricity
resistance, torment resistance 1, petrification resistance
a: no special abilities


You were on level 2 of the Abyss.
You visited 1 branch of the dungeon, and saw 4 of its levels.
You visited the Abyss 1 time.

You collected 186 gold pieces.


Innate Abilities, Weirdness & Mutations

You are immune to sickness and miasma.
Your stone body is resilient. (AC +4)
You are immune to poison.
You resist negative energy. (rN+)
You are resistant to electric shocks. (rElec)
You are resistant to unholy torment.
You are immune to petrification.


   Skills:
 + Level 3.8 Fighting
 - Level 5.0 Axes
 - Level 1.8 Throwing
 - Level 3.2 Armour
 - Level 3.2 Shields


You had 5 spell levels left.
You didn't know any spells.
Your spell library was empty.

Inventory:

Hand Weapons
 e - a +0 whip
 Y - a +1 war axe (weapon)
Armour
 c - a +0 buckler (worn)
 n - a +0 pair of gloves (worn)
 p - a +0 chain mail (worn)
Jewellery
 l - a +4 ring of protection (left hand)
Scrolls
 o - a scroll of identify
Potions
 a - a potion of brilliance {unknown}
 d - a potion of might
 h - a potion of mutation {unknown}
 i - a potion of curing {unknown}
 j - a potion of heal wounds {unknown}
 k - a potion of ambrosia {unknown}
 m - a potion of berserk rage {unknown}
 r - a potion of attraction {unknown}

Dungeon Overview and Level Annotations

Branches:
Dungeon (4/15)
 Temple: D:4-7

Altars:

Annotations:
D:4 Edmund


Message History

You block the orange demon's attack.
You slash the orange demon!
The orange demon is heavily wounded.
The orange demon stings you but does no damage.
The orange demon hits you but does no damage.
You barely miss the orange demon.
The orange demon is heavily wounded.
The orange demon stings you. The orange demon closely misses you.
You closely miss the orange demon.
The orange demon is heavily wounded.
You block the orange demon's attack. The orange demon hits you.
You feel your attacks grow feeble.
The orange demon stings you but does no damage.
The orange demon hits you but does no damage.
You hit the orange demon.
The orange demon is heavily wounded.
The orange demon stings you but does no damage.
The orange demon hits you but does no damage.
You barely miss the orange demon.
The orange demon is heavily wounded.
The orange demon barely misses you. x2
You barely miss the orange demon.
The orange demon is heavily wounded.
The orange demon stings you but does no damage.
The orange demon hits you but does no damage.
You block the orange demon's attack. The orange demon hits you.
You feel as though you will be weak longer.
3385 ||| READING scroll of teleportation.
As you read the scroll of teleportation, it crumbles to dust.
You feel strangely unstable.
You feel the power of the Abyss delaying your translocation!
The orange demon stings you. The orange demon barely misses you.
You slash the orange demon!
The orange demon is severely wounded.
The orange demon stings you but does no damage.
The orange demon hits you but does no damage.
You hit the orange demon.
The orange demon is almost dead.
The orange demon stings you!
You die...

#. ## #.# .#
# #...##
#¤.##.#
#...¤##.....#
#..4@...# #.
_
....#.......#
# #.###..#.#
# #....#
#..#.# #.#_.#
#.....
#.##.## ## .#


You could see an orange demon.

Vanquished Creatures
  A hound (D:3)
  Natasha (thrice) (D:2)
  Terence (D:3)
  An adder (D:3)
  2 gnolls (D:3)
  A worm (D:2)
  3 dart slugs
  4 orcs (D:3)
  10 ball pythons
  6 endoplasms
  4 giant cockroaches
  2 goblins
  13 hobgoblins
  5 kobolds
  6 quokkas
  5 bats
  A frilled lizard (D:2)
  10 rats
78 creatures vanquished.

Notes
Turn   | Place    | Note
-------+----------+-------------------------------------------
     0 | D:1      | qw the Gargoyle Fighter began the quest for the Orb.
     0 | D:1      | Reached XP level 1. HP: 14/14 MP: 1/1
     0 | D:1      | 0 ||| qw: Version: 0.2-a-12-gaebbb33
     0 | D:1      | 0 ||| qw: Game counter: 1042
     0 | D:1      | 0 ||| qw: Always use a shield: true
     0 | D:1      | 0 ||| qw: God list: Okawaru
     0 | D:1      | 0 ||| qw: Allow faded altars: false
     0 | D:1      | 0 ||| qw: Do Orc after D:15 true
     0 | D:1      | 0 ||| qw: Do second Lair branch before Depths: true
     0 | D:1      | 0 ||| qw: Lair rune preference: random
     0 | D:1      | 0 ||| qw: Plans: Normal, Zot:1-4, God:TSO, Crypt, Tomb,
                  | Pan, Slime:5, Hells, Abyss, Orb
     0 | D:1      | 0 ||| PLANNING D:1-11
    14 | D:1      | Reached skill level 2 in Axes
   220 | D:1      | Reached XP level 2. HP: 19/19 MP: 2/2
   404 | D:1      | 404 ||| Stepping ~*~*~tactically~*~*~ (stealth).
   405 | D:1      | 405 ||| Stepping ~*~*~tactically~*~*~ (stealth).
   413 | D:1      | 413 ||| Stepping ~*~*~tactically~*~*~ (stealth).
   416 | D:1      | 416 ||| Stepping ~*~*~tactically~*~*~ (stealth).
   419 | D:1      | 419 ||| Stepping ~*~*~tactically~*~*~ (stealth).
   432 | D:1      | Reached skill level 3 in Axes
   500 | D:1      | Reached XP level 3. HP: 23/23 MP: 3/3
   541 | D:1      | 541 ||| Stepping ~*~*~tactically~*~*~ (stealth).
   847 | D:1      | Found a faded altar of an unknown god.
   959 | D:1      | 959 ||| READING scroll labelled HUYLYO QOXU.
   960 | D:1      | 960 ||| READING scroll labelled JOUQ OSMELAPHE.
   961 | D:1      | 961 ||| READING 2 scrolls labelled POATIU NURO.
   964 | D:1      | 964 ||| READING scroll labelled ETAR TOGHE.
   965 | D:1      | 965 ||| READING scroll labelled NAETIX DUQYIP.
  1066 | D:1      | 1066 ||| READING scroll labelled DOR HUITETO.
  1067 | D:1      | 1067 ||| READING scroll labelled KECLENAKI.
  1090 | D:2      | 1090 ||| STAIRDANCE
  1136 | D:2      | Noticed Natasha
  1137 | D:2      | 1137 ||| STAIRDANCE
  1146 | D:2      | 1146 ||| STAIRDANCE
  1192 | D:2      | Killed Natasha
  1193 | D:2      | Reached skill level 1 in Throwing
  1193 | D:2      | Reached XP level 4. HP: 28/28 MP: 4/4
  1374 | D:2      | Noticed Natasha
  1375 | D:2      | 1375 ||| Stepping ~*~*~tactically~*~*~ (hiding).
  1382 | D:2      | Killed Natasha
  1725 | D:2      | 1725 ||| Stepping ~*~*~tactically~*~*~ (stealth).
  1736 | D:2      | Noticed Natasha
  1748 | D:2      | Killed Natasha
  1749 | D:2      | Reached skill level 4 in Axes
  1749 | D:2      | Reached XP level 5. HP: 15/32 MP: 5/5
  2201 | D:2      | 2201 ||| READING 2 scrolls labelled KAESULLADUN.
  2202 | D:2      | 2202 ||| DROPPING scroll of immolation.
  2248 | D:3      | 2248 ||| Stepping ~*~*~tactically~*~*~ (stealth).
  2727 | D:3      | Noticed Terence
  2740 | D:3      | Killed Terence
  2741 | D:3      | Reached skill level 5 in Axes
  2923 | D:3      | 2923 ||| Stepping ~*~*~tactically~*~*~ (stealth).
  2938 | D:3      | Reached XP level 6. HP: 30/37 MP: 6/6
  3021 | D:3      | 3021 ||| Stepping ~*~*~tactically~*~*~ (stealth).
  3029 | D:3      | 3029 ||| Stepping ~*~*~tactically~*~*~ (stealth).
  3033 | D:3      | 3033 ||| Stepping ~*~*~tactically~*~*~ (stealth).
  3141 | D:3      | 3141 ||| UPGRADING to +0 pair of gloves.
  3146 | D:3      | 3146 ||| UPGRADING to +0 chain mail.
  3156 | D:3      | 3156 ||| DROPPING +0 scale mail.
  3157 | D:3      | 3157 ||| DROPPING +1 ring mail of willpower.
  3158 | D:3      | 3158 ||| UPGRADING to +4 ring of protection.
  3159 | D:3      | 3159 ||| READING 2 scrolls labelled RAUGIPTAOPN.
  3160 | D:3      | 3160 ||| READING scroll labelled HYS XITOTOC.
  3161 | D:3      | 3161 ||| READING scroll labelled MOSKOWN MOMEC.
  3162 | D:3      | 3162 ||| DROPPING scroll of magic mapping.
  3203 | D:4      | 3203 ||| Stepping ~*~*~tactically~*~*~ (hiding).
  3204 | D:4      | 3204 ||| Stepping ~*~*~tactically~*~*~ (hiding).
  3257 | D:4      | Noticed Edmund
  3261 | D:4      | 3261 ||| Stepping ~*~*~tactically~*~*~ (stealth).
  3269 | Abyss:2  | Found a corrupted altar of Lugonu.
  3269 | Abyss:2  | Cast into level 2 of the Abyss (Edmund)
  3338 | Abyss:2  | Noticed a smoke demon
  3339 | Abyss:2  | 3339 ||| Stepping ~*~*~tactically~*~*~ (stealth).
  3369 | Abyss:2  | Noticed an orange demon
  3371 | Abyss:2  | 3371 ||| Stepping ~*~*~tactically~*~*~ (hiding).
  3371 | Abyss:2  | Found a corrupted altar of Lugonu.
  3384 | Abyss:2  | HP: 9/38 [orange demon (6)]
  3385 | Abyss:2  | 3385 ||| READING scroll of teleportation.
  3387 | Abyss:2  | Slain by an orange demon

Levels and vault maps discovered:
D:1:      amcnicky_arrival_choice, layout_basic,
          hellmonk_ecumenical_altar_leap_of_faith
D:2:      layout_loops_ring, minmay_misc_feat_encased, grunt_ministairs_7,
          uniq_natasha
D:3:      layout_loops_ring, uniq_terence
D:4:      layout_cave_pools, kennysheep_little_box, uniq_robin, uniq_grinder,
          uniq_crazy_yiuf_cottage, uniq_edmund
Abyss:2:  base: D:2, base: D:3, evilmike_abyss_exit_vortex

Skill      XL: |  1  2  3  4  5 |
---------------+----------------+-----
Axes           | 2 3 4 5 |  5.0
Throwing       | 1 |  1.8
Fighting       | |  3.8
Armour         | |  3.2
Shields        | |  3.2

Action                   |  1- 3 |  4- 6 || total
-------------------------+-------+-------++-------
Melee: War axe           |    77 |   130 ||   207
Throw: Javelin           |     6 |    19 ||    25
  Use: Scroll            |     7 |     5 ||    12
Armor: Scale mail        |    48 |    47 ||    95
       Chain mail        |       |    27 ||    27
Dodge: Dodged            |    52 |    52 ||   104
Block: Buckler           |    18 |    21 ||    39

Table legend:
 A = Non-vault XP
 B = Vault XP
 C = Vault XP percentage of total XP
 D = Non-vault monster count
 E = Vault monster count
 F = Vault count percentage of total count
                 A         B        C        D         E       F
            +---------+---------+-------+---------+---------+-------
      Total |     285 |      76 |  21.1 |      74 |       4 |   5.1
            +---------+---------+-------+---------+---------+-------
        D:1 |      49 |       4 |   7.5 |      29 |       2 |   6.5
        D:2 |     102 |      36 |  26.1 |      17 |       1 |   5.6
        D:3 |     127 |      36 |  22.1 |      24 |       1 |   4.0
        D:4 |       7 |       0 |   0.0 |       4 |       0 |   0.0
            +---------+---------+-------+---------+---------+-------
